 Dungeon Crawl Stone Soup version 0.23.2-33-g5129a83184 (webtiles) character file.

Game seed: 17198735379026036218

60 FishyPogo the Grave Robber (level 4, 0/36 HPs)
             Began as a Hill Orc Necromancer on Aug 4, 2019.
             Succumbed to an adder's poison
             ... on level 1 of the Dungeon.
             The game lasted 00:17:57 (2872 turns).

FishyPogo the Grave Robber (Hill Orc Necromancer)   Turns: 2872, Time: 00:17:58

Health: 0/36       AC:  3    Str:  9 (10) XL:     4   Next: 6%
Magic:  1/6        EV: 12    Int: 12 (15) God:
Gold:   21         SH:  0    Dex: 12      Spells: 1/6 levels left

rFire    . . .     SeeInvis .   e - +0 club
rCold    . . .     Gourm    .   (no shield)
rNeg     . . .     Faith    .   o - +0 leather armour
rPois    .         Spirit   .   (no helmet)
rElec    .         Reflect  .   (no cloak)
rCorr    .         Harm     .   (no gloves)
MR       .....                  (no boots)
Stlth    ++........             (no amulet)
HPRegen  0.12/turn              (no ring)
MPRegen  0.10/turn              (no ring)

@: lethally poisoned (0 -> -10)
A: no striking features
a: no special abilities


You were on level 1 of the Dungeon.
You were hungry.

You visited 1 branch of the dungeon, and saw 2 of its levels.

You collected 21 gold pieces.

Inventory:

Hand Weapons
 e - a +0 club (weapon)
Missiles
 g - 40 stones (quivered)
Armour
 n - a +0 ring mail
 o - a +0 leather armour (worn)
Scrolls
 f - a scroll of immolation {unknown}
 h - 2 scrolls of teleportation {unknown}
 i - a scroll of enchant armour {unknown}
 l - 2 scrolls of amnesia {unknown}
 m - a scroll of identify {unknown}
Potions
 k - a potion of might
Comestibles
 c - 4 rations


   Skills:
 * Level 1.9 Fighting
 + Level 1.0 Maces & Flails
 * Level 1.8 Armour
 - Level 2.0 Dodging
 - Level 2.0 Stealth
 - Level 1.6 Spellcasting
 - Level 4.0 Necromancy


You had one spell level left.
You knew the following spells:

 Your Spells              Type           Power        Failure   Level  Hunger
a - Pain                  Necr           ##..         7%          1    ##.....
b - Animate Skeleton      Necr           N/A          7%          1    ##.....
c - Vampiric Draining     Necr           ##........   22%         3    ####...

Your spell library contained the following spells:

 Spells                   Type           Power        Failure   Level  Hunger
 Regeneration             Chrm/Necr      #.........   45%         3    ####...
 Animate Dead             Necr           N/A          56%         4    #####..


Dungeon Overview and Level Annotations

Branches:
Dungeon (2/15)

Altars:


Message History

You climb upwards.
* * * LOW HITPOINT WARNING * * *
You feel sick.
There is a stone staircase leading down here.
You hit the adder.
The adder is almost dead.
The adder bites you.
* * * LOW HITPOINT WARNING * * *
You are more poisoned.
The adder poisons you! The adder bites you.
* * * LOW HITPOINT WARNING * * *
Okay, then.
Okay, then.
You hit the adder.
The adder is almost dead.
* * * LOW HITPOINT WARNING * * *
You feel sick. The adder bites you but does no damage. The adder misses you.
You completely miss the adder.
The adder is almost dead.
You die...

..#.########.###.##.......###.#
#.#.#..........#..'.......+...#
#.#.#.....#....#.##.......#####
#.#.........#..#.##.......#
#.#..##..####..#.##.......#
#.#...#.#.#....#.##.......#
#.#...###.##.....##########
#.#...#..⌠(.#....#
#.#.#).##.###..S@#
#.#.#...#.#.#..###
#.#.#.####..##.#
#.#.#)#........#
#.#.#....##Z##.#
#.#.#.##Z##.Z..#
..#.#..Z.#####.# ###.#.#.## #.#
#.###Z# #.#


You could see an adder.

Vanquished Creatures
  An adder (D:2)
  2 worms (D:2)
  2 dart slugs (D:1)
  3 leopard geckos
  An orc (D:2)
  A ball python (D:2)
  4 bats
  2 giant cockroaches (D:2)
  5 hobgoblins
  A quokka (D:2)
  3 frilled lizards
  6 goblins
  2 kobolds (D:1)
  3 rats
36 creatures vanquished.

Vanquished Creatures (collateral kills)
  A goblin (D:1)
1 creature vanquished.

Grand Total: 37 creatures vanquished

Notes
Turn   | Place    | Note
-------+----------+-------------------------------------------
     0 | D:1      | FishyPogo the Hill Orc Necromancer began the quest for the
                  | Orb.
     0 | D:1      | Reached XP level 1. HP: 14/14 MP: 3/3
   569 | D:1      | Reached XP level 2. HP: 1/22 MP: 1/4
   861 | D:1      | Learned a level 1 spell: Animate Skeleton
   907 | D:1      | Reached skill level 1 in Armour
  1352 | D:1      | Reached skill level 1 in Fighting
  1744 | D:1      | Reached XP level 3. HP: 10/28 MP: 1/5
  2074 | D:2      | Noticed a phantom
  2363 | D:2      | Learned a level 3 spell: Vampiric Draining
  2586 | D:2      | Reached XP level 4. HP: 32/36 MP: 2/6
  2834 | D:2      | Reached skill level 1 in Maces & Flails
  2871 | D:1      | HP: 1/36 [poisoned by an adder]
  2872 | D:1      | Succumbed to an adder's poison

Skill      XL: |  1  2  3  4 |
---------------+-------------+-----
Armour         | 1 |  1.8
Fighting       | 1 |  1.9
Stealth        | 2 |  2.0
Dodging        | 2 |  2.0
Maces & Flails | 1 |  1.0
Spellcasting   | |  1.6
Necromancy     | |  4.0

Action                   |  1- 3 |  4- 6 || total
-------------------------+-------+-------++-------
Melee: Club              |    54 |    25 ||    79
       Unarmed           |    10 |       ||    10
Throw: Stone             |    20 |     1 ||    21
 Cast: Pain              |    37 |     8 ||    45
       Animate Skeleton  |     9 |     1 ||    10
       Vampiric Draining |     2 |     1 ||     3
  Use: Potion            |     3 |       ||     3
 Stab: Sleeping          |     1 |       ||     1
  Eat: Chunk             |     7 |       ||     7
Armor: Robe              |     5 |       ||     5
       Ring mail         |     1 |       ||     1
       Leather armour    |     5 |     7 ||    12
Dodge: Dodged            |    58 |    12 ||    70
